 Dungeon Crawl Stone Soup version 0.28-a0-1356-g2ad6d04315 (webtiles) character file.

Game seed: 385296752996097741

1215 willcat the Covert (level 8, -1/44 HPs)
             Began as a Kobold Brigand on Dec 31, 2021.
             Killed from afar by an orc wizard (9 damage)
             ... with a puff of flame
             ... on level 6 of the Dungeon.
             The game lasted 00:05:30 (7605 turns).

willcat the Covert (Kobold Brigand)                 Turns: 7605, Time: 00:05:31

Health: -1/44      AC:  4    Str:  8    XL:     8   Next: 75%
Magic:  12/12      EV: 18    Int: 15    God:
Gold:   288        SH:  0    Dex: 22    Spells: 9/13 levels left

rFire   . . .      SeeInvis .   a - +2 dagger
rCold   . . .      Faith    .   (no shield)
rNeg    . . .      Spirit   .   b - +0 robe
rPois   .          Reflect  .   s - +0 helmet
rElec   .          Harm     .   c - +0 cloak
rCorr   .          Rampage  .   (no gloves)
Will    .....                   (no boots)
Stlth   +++.......              w - amulet of the acrobat
HPRegen 0.14/turn               r - +6 ring of dexterity
MPRegen 0.13/turn               (no ring)

@: confused
A: small, no large weapons, nightstalker 3
a: no special abilities


You were on level 6 of the Dungeon.
You visited 2 branches of the dungeon, and saw 7 of its levels.

You collected 288 gold pieces.

Inventory:

Hand Weapons
 a - a +2 dagger (weapon)
Missiles
 d - 22 poisoned darts (quivered)
 e - 2 curare-tipped darts
Armour
 b - a +0 robe (worn)
 c - a +0 cloak (worn)
 s - a +0 helmet (worn)
Jewellery
 r - a +6 ring of dexterity (left hand)
 w - an amulet of the acrobat (around neck)
Scrolls
 f - 3 scrolls of enchant armour {unknown}
 g - 2 scrolls of immolation {unknown}
 j - a scroll of identify {unknown}
 l - 3 scrolls of vulnerability {unknown}
 n - a scroll of fog {unknown}
 o - 3 scrolls of teleportation {unknown}
 q - 2 scrolls of blinking {unknown}
 v - a scroll of holy word {unknown}
 x - a scroll of summoning {unknown}
Potions
 h - 2 potions of curing
 i - a potion of haste {unknown}
 k - a potion of ambrosia {unknown}
 m - 2 potions of attraction {unknown}
 p - a potion of degeneration {unknown}
 t - 4 potions of brilliance {unknown}
 u - a potion of magic {unknown}
 z - a potion of resistance {unknown}


   Skills:
 - Level 2.1 Fighting
 + Level 6.6 Short Blades
 - Level 2.1 Throwing
 + Level 5.5 Dodging
 + Level 8.6 Stealth
 + Level 3.0 Spellcasting
 + Level 3.0 Conjurations
 + Level 2.9 Fire Magic


You had 9 spell levels left.
You knew the following spells:

 Your Spells              Type           Power      Damage    Failure   Level
a - Sticky Flame          Conj/Fire      11%        2d3       50%         4

Your spell library contained the following spells:

 Spells                   Type           Power      Damage    Failure   Level
 Conjure Flame            Conj/Fire      11%        6-21      17%         3
 Ignite Poison            Fire/Tmut/Pois 5%         N/A       38%         3
 Gell's Gravitas          Tloc           2%         N/A       52%         3
 Teleport Other           Tloc           2%         N/A       52%         3
 Dispersal                Tloc           1%         N/A       100%        6


Dungeon Overview and Level Annotations

Branches:
Dungeon (6/15)             Temple (1/1) D:4

Altars:
Ashenzari
Dithmenos
Elyvilon
Fedhas
Hepliaklqana
Kikubaaqudgha
Makhleb
Nemelex Xobeh
Okawaru
Ru
Sif Muna
Uskayaw
Wu Jian
Xom
Yredelemnul
Zin
The Shining One


Innate Abilities, Weirdness & Mutations

You are small and have problems with some larger weapons.
You are completely attuned to the shadows.


Message History

Unknown command.
Unknown command.
Throw: 26 darts (poison)
Press: ? - help, Q - select action, (/) - cycle Shift-Dir - straight line You throw a poisoned dart.
You hear some strange, mumbled words.
A magic dart appears from out of thin air!
The magic dart hits you.
Throw: 25 darts (poison)
Press: ? - help, Q - select action, (/) - cycle Shift-Dir - straight line You throw a poisoned dart.
Something closely misses you.
Unknown command.
Throw: 24 darts (poison)
Press: ? - help, Q - select action, (/) - cycle Shift-Dir - straight line You throw a poisoned dart.
You hear some strange, mumbled words.
A magic dart appears from out of thin air!
The magic dart hits you!
* * * LOW HITPOINT WARNING * * *
Throw: 23 darts (poison)
Press: ? - help, Q - select action, (/) - cycle Shift-Dir - straight line You throw a poisoned dart.
Something hits you but does no damage.
You barely miss something.
You hear some strange, mumbled words.
You are confused.
A puff of flame appears from out of thin air!
The puff of flame hits something!
Reactivating autopickup.
You feel a bit more experienced.
Your Spellcasting skill increases to level 3!
You bump into the rock wall.
You bump into the rock wall.
You're too confused to move!
You hear some strange, mumbled words.
A puff of flame appears from out of thin air!
Deactivating autopickup; reactivate with Ctrl-A.
The puff of flame hits you!
You die...

### ..##### #...... ###
#........ ...# ##......#
#..## ...>....# #oo# ..
.#......### #.###..#
..........##########...#...
##......#.......@{####).<.#
################..)(((....
########..# ... .#


There were no monsters in sight!

Vanquished Creatures
  A black bear (D:5)
  A wyvern zombie (D:4)
  5 scorpions
  A water moccasin skeleton (D:5)
  2 howler monkeys
  2 bullfrog zombies (D:5)
  4 hounds
  An orc priest (D:6)
  A jelly (D:4)
  A bullfrog skeleton (D:6)
  An iguana (D:3)
  Terence (D:2)
  2 orc wizards
  A hound zombie (D:5)
  A hound skeleton (D:4)
  8 gnolls
  6 adders
  An adder skeleton (D:4)
  A worm (D:2)
  4 dart slugs
  9 orcs
  12 ball pythons
  5 bats
  8 endoplasms
  7 giant cockroaches
  5 goblins
  4 hobgoblins (D:1)
  2 jackals (D:3)
  7 kobolds
  A frilled lizard (D:3)
  A quokka skeleton (D:4)
  5 rats
111 creatures vanquished.

Vanquished Creatures (others)
  An orc wizard (D:6)
1 creature vanquished.

Grand Total: 112 creatures vanquished

Notes
Turn   | Place    | Note
-------+----------+-------------------------------------------
     0 | D:1      | willcat the Kobold Brigand began the quest for the Orb.
     0 | D:1      | Reached XP level 1. HP: 12/12 MP: 1/1
    22 | D:1      | Reached XP level 2. HP: 16/17 MP: 2/2
   307 | D:1      | Reached XP level 3. HP: 21/21 MP: 3/3
   490 | D:1      | Found a faded altar of an unknown god.
   833 | D:1      | Reached skill level 6 in Stealth
  1031 | D:1      | Reached XP level 4. HP: 26/26 MP: 4/4
  1310 | D:2      | Noticed Terence
  1313 | D:2      | Killed Terence
  1701 | D:2      | Reached XP level 5. HP: 11/30 MP: 5/5
  2360 | D:3      | Found a sparkling altar of Nemelex Xobeh.
  2874 | D:3      | Reached skill level 5 in Short Blades
  2874 | D:3      | Reached skill level 7 in Stealth
  2874 | D:3      | Reached XP level 6. HP: 30/35 MP: 6/6
  3228 | D:3      | Learned a level 4 spell: Sticky Flame
  3249 | D:3      | Found a sacrificial altar of Ru.
  3292 | D:3      | Found a shimmering altar of Xom.
  3609 | D:4      | Reached skill level 1 in Conjurations
  3754 | D:5      | Entered Level 5 of the Dungeon
  4284 | D:4      | Reached skill level 1 in Spellcasting
  4284 | D:4      | Reached skill level 1 in Fire Magic
  4284 | D:4      | Reached XP level 7. HP: 22/40 MP: 8/8
  4544 | D:4      | Found a staircase to the Ecumenical Temple.
  4553 | Temple   | Entered the Ecumenical Temple
  5303 | D:5      | Found a glowing golden altar of the Shining One.
  5453 | D:5      | Reached XP level 8. HP: 26/44 MP: 9/11
  5777 | D:5      | Reached skill level 5 in Dodging
  5777 | D:5      | Reached skill level 8 in Stealth
  5815 | D:5      | Found a hide-covered altar of Uskayaw.
  6863 | D:5      | Found a shadowy altar of Dithmenos.
  7605 | D:6      | Killed from afar by an orc wizard

Illustrated notes

Levels and vault maps discovered:
D:1:      giann_bridges, layout_loops_ring,
          shapermc_ecumenical_altar_starsandcircs, minivault_27
D:2:      layout_rooms, minmay_pentomino_q2, uniq_terence
D:3:      layout_loops_ring, mainiacjoe_overflow_alcove_2,
          mainiacjoe_overflow_two_lobes
D:4:      layout_rooms, minmay_temple_entry_statues_pillars
D:5:      layout_basic, mainiacjoe_overflow_catwalk, amcnicky_altar_gilded,
          tso_metal_star
D:6:      layout_rooms, serial_rivers, chequers_serial_rivers_small_b,
          chequers_serial_rivers_room_b, chequers_serial_rivers_micro_d,
          chequers_serial_rivers_room_b, minmay_misc_feat_doors, uniq_maggie
Temple:   jpeg_temple_clearing

Skill      XL: |  1  2  3  4  5  6  7  8 |
---------------+-------------------------+-----
Short Blades   | 3 4 5 6 |  6.6
Dodging        | 2 3 4 5 |  5.5
Stealth        | 6 7 8 |  8.6
Conjurations   | 1 2 3 |  3.0
Spellcasting   | 1 2 3 |  3.0
Fire Magic     | 1 2 |  2.9
Fighting       | |  2.1
Throwing       | |  2.1

Action                   |  1- 3 |  4- 6 |  7- 9 || total
-------------------------+-------+-------+-------++-------
Melee: Dagger            |    90 |   156 |   258 ||   504
Throw: Dart              |       |    12 |    32 ||    44
  Use: Potion            |       |       |     2 ||     2
 Stab: Sleeping          |    14 |    27 |    11 ||    52
Armor: Robe              |    15 |    19 |    22 ||    56
Dodge: Dodged            |    55 |    88 |   178 ||   321

Table legend: (Time is in decaauts)
 A = Elapsed time spent in this place.
 B = Non-inter-level travel time spent in this place.
 C = Inter-level travel time spent in this place.
 D = Time resting spent in this place.
 E = Time spent auto-exploring this place.
 F = Levels seen in this place.
 G = Mean time per level.
                   A        B        C        D        E       F      G
               +--------+--------+--------+--------+--------+-----+--------+
         Total |   7472 |   7202 |    270 |   1354 |   4778 |   7 | 1067.4 |
       Dungeon |   7321 |   7069 |    252 |   1354 |   4657 |   6 | 1220.2 |
        Temple |    150 |    133 |     17 |      0 |    121 |   1 |  150.0 |
               +--------+--------+--------+--------+--------+-----+--------+

Top non-repeatable levels by time:
     D:5: 2579 daAuts
     D:3: 1514 daAuts
     D:1: 1212 daAuts
     D:4: 1036 daAuts
     D:2: 762 daAuts
     D:6: 215 daAuts
  Temple: 150 daAuts
